 Dungeon Crawl Stone Soup version 0.29.1-15-g9cfb28693d (webtiles) character file.

Game seed: 3104188777832445875

184 Eitelfritz the Sneak (level 5, 0/39 HPs)
             Began as a Demonspawn Brigand on Apr 25, 2023.
             Slain by Edmund
             ... wielding a +4 flail of holy wrath
              (7 damage)
             ... on level 4 of the Dungeon.
             The game lasted 00:06:34 (3363 turns).

Eitelfritz the Sneak (Demonspawn Brigand)           Turns: 3363, Time: 00:06:35

Health: 0/39       AC:  8    Str: 11    XL:     5   Next: 36%
Magic:  5/5        EV: 11    Int: 13    God:
Gold:   106        SH:  0    Dex: 16    Spells: 4/4 levels left

rFire   . . .      SeeInvis .   a - +3 dagger (elec)
rCold   . . .      Faith    .   (no shield)
rNeg    . . .      Spirit   .   l - +0 leather armour
rPois   +          Reflect  .   (no helmet)
rElec   .          Harm     .   c - +2 cloak
rCorr   .          Rampage  .   h - +0 pair of gloves
Will    +....                   x - +0 pair of boots
Stlth   +++.......              (no amulet)
HPRegen 0.13/turn               z - ring of willpower
MPRegen 0.09/turn               p - ring of poison resistance

@: hasted, very quick
A: claws 1, demonic magic 1
a: no special abilities


You were on level 4 of the Dungeon.
You visited 1 branch of the dungeon, and saw 4 of its levels.

You collected 106 gold pieces.

Inventory:

Hand Weapons
 a - a +3 dagger of electrocution (weapon)
 b - a +2 dagger
 n - a +0 vampiric short sword
 w - a +2 hand axe of flaming
Missiles
 d - 9 poisoned darts (quivered)
 e - 7 curare-tipped darts
Armour
 c - a +2 cloak (worn)
 h - a +0 pair of gloves (worn)
 l - a +0 leather armour (worn)
 x - a +0 pair of boots (worn)
 A - a scarf of shadows
Jewellery
 j - a +6 ring of strength
 p - a ring of poison resistance (right hand)
 y - a ring of magical power
 z - a ring of willpower (left hand)
Scrolls
 r - 3 scrolls of vulnerability
Potions
 i - a potion of brilliance {unknown}
 q - 2 potions of flight {unknown}
 t - a potion of degeneration {unknown}
 C - a potion of lignification {unknown}


   Skills:
 + Level 2.3 Fighting
 + Level 2.8 Short Blades
 + Level 1.9 Throwing
 + Level 1.2 Armour
 + Level 1.7 Dodging
 + Level 5.1 Stealth


You had 4 spell levels left.
You didn't know any spells.
Your spell library was empty.

Dungeon Overview and Level Annotations

Branches:
Dungeon (4/15)
 Temple: D:4-7

Altars:
Kikubaaqudgha
Uskayaw

Shops:
D:1 =

Annotations:
D:4 Edmund


Innate Abilities, Weirdness & Mutations

You have sharp fingernails.
Spells you cast may paralyse adjacent enemies.


Message History

You hear a distant slurping noise.
The kobold shouts!
You hit the kobold. Lightning courses through the kobold!
You kill the kobold!
Things that are here:
a +0 club; 2 stones; a kobold corpse You hear a distant slurping noise.
You hear a distant slurping noise.
You hear a squelching noise.
You hear a distant slurping noise.
You hear a distant slurping noise.
Found a stone staircase leading down.
A ball python comes into view.
You hear a distant slurping noise.
The helpless ball python fails to defend itself.
You impale the ball python!!
Lightning courses through the ball python!
You kill the ball python!
You hear a distant slurping noise.
Edmund the Younger comes into view.
He is wielding a +4 flail of holy wrath.
You feel yourself speed up.
You hear a distant slurping noise.
You hear a squelching noise.
Edmund hits you with a +4 flail of holy wrath.
You convulse.
You hit Edmund but do no damage. You hit Edmund but do no damage.
Edmund hits you with a +4 flail of holy wrath.
You convulse.
You hit Edmund but do no damage.
Edmund hits you with a +4 flail of holy wrath.
You convulse.
You hit Edmund but do no damage. You hit Edmund but do no damage.
Edmund closely misses you.
You hit Edmund but do no damage. Lightning courses through Edmund!
Edmund is lightly wounded.
You hit Edmund.
Edmund is moderately wounded.
Edmund hits you with a +4 flail of holy wrath!
* * * LOW HITPOINT WARNING * * *
You convulse!
You die...

#+#####
#.####.....#########
#.........†#.@......
##########.....#@#
#.....# #.#.....#
#.###.# ##.####..#
#.###.###........#
#.#................
#.#.#............>..
#.#.#################
..# #.......<..# ###
#.######.#.#


You could see Edmund.

Vanquished Creatures
  A jelly (D:4)
  An iguana (D:3)
  5 adders (D:2)
  4 worms
  3 dart slugs (D:2)
  An orc (D:3)
  6 ball pythons
  5 bats
  5 endoplasms
  3 giant cockroaches (D:1)
  7 goblins
  3 hobgoblins
  4 jackals
  2 quokkas (D:1)
  2 frilled lizards
  8 kobolds
  3 rats
63 creatures vanquished.

Notes
Turn   | Place    | Note
-------+----------+-------------------------------------------
     0 | D:1      | Eitelfritz the Demonspawn Brigand began the quest for the
                  | Orb.
     0 | D:1      | Reached XP level 1. HP: 16/16 MP: 1/1
   122 | D:1      | Reached skill level 4 in Stealth
   215 | D:1      | Gained mutation: Spells you cast may paralyse adjacent
                  | enemies. [demonic ancestry]
   215 | D:1      | Reached XP level 2. HP: 22/22 MP: 2/2
   419 | D:1      | Reached skill level 1 in Dodging
   551 | D:1      | Found Hofutueh's Jewellery Shop.
   829 | D:2      | Reached XP level 3. HP: 27/27 MP: 3/3
  1356 | D:2      | Reached XP level 4. HP: 33/33 MP: 4/4
  1695 | D:2      | Reached skill level 5 in Stealth
  2031 | D:3      | Found Hinwaes's Antique Weapon Shop.
  2337 | D:3      | Found an ancient bone altar of Kikubaaqudgha.
  2338 | D:3      | Found a hide-covered altar of Uskayaw.
  3059 | D:3      | Reached skill level 1 in Armour
  3059 | D:3      | Discovered your monstrous ancestry.
  3059 | D:3      | Gained mutation: You have sharp fingernails. [demonic
                  | ancestry]
  3059 | D:3      | Reached XP level 5. HP: 15/38 MP: 5/5
  3353 | D:4      | Noticed Edmund
  3363 | D:4      | Slain by Edmund

Illustrated notes

Levels and vault maps discovered:
D:1:      psy_arrival_whirlpool, layout_loops_ring, serial_shops, shop_fountains
D:2:      layout_basic, st_stairs_14
D:3:      layout_loops_ring, nicolae_overflow_squiral, serial_shops,
          nicolae_square_shop, kennysheep_generic_room_4
D:4:      minmay_chambers_of_twos, layout_basic, mainiacjoe_overflow_24_doors,
          minmay_temple_entry_statues_fountains, uniq_edmund

Skill      XL: |  1  2  3  4 |
---------------+-------------+-----
Stealth        | 4 5 |  5.1
Dodging        | 1 |  1.7
Short Blades   | 2 |  2.8
Armour         | 1 |  1.2
Fighting       | |  2.3
Throwing       | |  1.9

Action                   |  1- 3 |  4- 6 || total
-------------------------+-------+-------++-------
Melee: Dagger            |    98 |    93 ||   191
       Punch             |     1 |       ||     1
  Use: Scroll            |       |    11 ||    11
       Potion            |       |     2 ||     2
 Stab: Sleeping          |     8 |     6 ||    14
Armor: Robe              |    14 |       ||    14
       Leather armour    |    17 |    29 ||    46
Dodge: Dodged            |    47 |    47 ||    94
